 Dungeon Crawl Stone Soup version 0.21.1-1-g345015f (webtiles) character file.

1022 Melicamp the Thaumaturge (level 8, -10/58 HPs)
             Began as a Gnoll Wanderer on Apr 5, 2018.
             Was an Initiate of Cheibriados.
             Mangled by a two-headed ogre
             ... wielding a +0 giant club
              (18 damage)
             ... on level 5 of the Dungeon.
             The game lasted 00:41:06 (7660 turns).

Melicamp the Thaumaturge (Gnoll Wanderer)           Turns: 7660, Time: 00:41:06

Health: -10/58     AC:  6    Str: 16    XL:     8   Next: 22%
Magic:  2/21       EV: 19    Int: 19    God:    Cheibriados [......]
Gold:   289        SH:  0    Dex: 19    Spells: 14/26 levels left

rFire    + . .     SeeInvis .   o - +1 dagger (pain)
rCold    x . .     Gourm    .   (no shield)
rNeg     + . .     Faith    .   s - +0 robe
rPois    .         Spirit   .   p - +0 helmet
rElec    .         Reflect  .   t - +1 cloak
rCorr    .         Harm     .   (no gloves)
MR       .....                  m - +0 pair of boots
Stlth    ++++......             (no amulet)
HPRegen  0.19/turn              k - ring of positive energy
MPRegen  0.17/turn              l - ring of fire

@: agile, slow
A: distributed training, fangs 1, strong nose
a: Bend Time, Renounce Religion


You were on level 5 of the Dungeon.
You worshipped Cheibriados.
Cheibriados was noncommittal.
You were not hungry.

You visited 2 branches of the dungeon, and saw 6 of its levels.

You collected 289 gold pieces.

Inventory:

Hand Weapons
 o - a +1 dagger of pain (weapon)
   (You found it on level 2 of the Dungeon)
Missiles
 g - 81 stones (quivered)
 x - 32 arrows
Armour
 c - a +0 buckler
 m - a +0 pair of boots (worn)
   (You found it on level 3 of the Dungeon)
 p - a +0 helmet (worn)
   (You found it on level 2 of the Dungeon)
 s - a +0 robe (worn)
   (You found it on level 3 of the Dungeon)
 t - a +1 cloak (worn)
   (You found it on level 2 of the Dungeon)
 y - a cursed +0 robe
   (You found it on level 5 of the Dungeon)
Jewellery
 k - a ring of positive energy (left hand)
   (You found it on level 2 of the Dungeon)
 l - a ring of fire (right hand)
   (You took it off a goblin on level 2 of the Dungeon)
Scrolls
 d - a scroll of enchant weapon
 e - 8 scrolls of identify
 n - 4 scrolls of remove curse
 u - a scroll of amnesia
Potions
 j - a potion of cancellation
 w - a potion of curing
Books
 a - a book of Minor Magic
 b - the Papyrus of the Snowflakes

   Spells                             Type                      Level
   a - Freeze                         Ice                          1
   b - Ozocubu's Armour               Charms/Ice                   3
 r - a book of Callings
   (You found it on level 3 of the Dungeon)
Comestibles
 f - 12 rations


   Skills:
 + Level 3.0 Fighting
 + Level 3.0 Short Blades
 + Level 3.0 Long Blades
 + Level 3.0 Axes
 + Level 3.0 Maces & Flails
 + Level 3.0 Polearms
 + Level 3.0 Staves
 + Level 3.0 Slings
 + Level 3.0 Bows
 + Level 3.0 Crossbows
 + Level 4.0 Throwing
 + Level 3.0 Armour
 + Level 3.0 Dodging
 + Level 3.0 Stealth
 + Level 4.0 Shields
 + Level 3.0 Unarmed Combat
 + Level 9.7 Spellcasting
 + Level 2.4 Conjurations
 + Level 2.4 Hexes
 + Level 2.4 Charms
 + Level 2.4 Summonings
 + Level 2.4 Necromancy
 + Level 2.4 Translocations
 + Level 2.4 Transmutations
 + Level 6.0 Fire Magic
 + Level 3.3 Ice Magic
 + Level 2.4 Air Magic
 + Level 2.4 Earth Magic
 + Level 2.4 Poison Magic
 + Level 3.3 Invocations
 + Level 3.0 Evocations


You had 14 spell levels left.
You knew the following spells:

 Your Spells              Type           Power        Failure   Level  Hunger
a - Freeze                Ice            ###.         1%          1    None
b - Magic Dart            Conj           ###.         2%          1    None
c - Mephitic Cloud        Conj/Pois/Air  ###.....     9%          3    None
d - Blink                 Tloc           N/A          4%          2    None
e - Ozocubu's Armour      Chrm/Ice       ###.....     7%          3    None
f - Slow                  Hex            ###.....     4%          2    None


Dungeon Overview and Level Annotations

Branches:
Dungeon (5/15)             Temple (1/1) D:5

Altars:
Ashenzari
Cheibriados
Dithmenos
Elyvilon
Fedhas
Gozag
Hepliaklqana
Kikubaaqudgha
Makhleb
Nemelex Xobeh
Okawaru
Qazlal
Ru
Trog
Uskayaw
Vehumet
Wu Jian
Yredelemnul
Zin
The Shining One

Annotations:
D:5 Trampli's ghost, novice TrBe


Innate Abilities, Weirdness & Mutations

Your experience applies equally to all skills.
You have very sharp teeth.
Your uncanny sense of smell can sniff out nearby items.


Message History

The two-headed ogre is lightly wounded.
The two-headed ogre is engulfed in noxious fumes.
The two-headed ogre misses you.
The two-headed ogre hits you but does no damage.
Casting: Mephitic Cloud
Confirm with . or Enter, or press ? or * to list all spells.
Aiming: Mephitic Cloud
Press: ? - help, Shift-Dir - straight line, f/p - two-headed ogre
Aim: a two-headed ogre, wielding two giant clubs (moderately wounded) That beam is likely to hit you.
Continue anyway?
Okay, then.
Casting: Mephitic Cloud
Confirm with . or Enter, or press ? or * to list all spells.
Aiming: Mephitic Cloud
Press: ? - help, Shift-Dir - straight line, f/p - two-headed ogre
Aim: a two-headed ogre, wielding two giant clubs (moderately wounded) That beam is likely to hit you.
Continue anyway?
The ball explodes into a vile cloud!
The stinking cloud engulfs the two-headed ogre.
The two-headed ogre is moderately wounded.
The stinking cloud engulfs you!
The two-headed ogre is engulfed in noxious fumes.
The two-headed ogre appears confused.
Really walk into that cloud of noxious fumes?
Okay, then.
Your icy armour starts to melt.
You hit the two-headed ogre.
The two-headed ogre is moderately wounded.
The two-headed ogre seems less confused.
The two-headed ogre hits you with a giant club!!
The two-headed ogre barely misses you.
You closely miss the two-headed ogre.
The two-headed ogre is moderately wounded.
You hit the two-headed ogre.
The two-headed ogre writhes in agony.
The two-headed ogre is moderately wounded.
The two-headed ogre hits you with a giant club!!
* * * LOW HITPOINT WARNING * * *
The two-headed ogre hits you but does no damage.
As you read the scroll of fear, it crumbles to dust.
You assume a fearsome visage.
The two-headed ogre looks frightened!
Your icy armour evaporates.
Found a ration.
Found 12 gold pieces.
Found a ration.
Casting: Mephitic Cloud
Confirm with . or Enter, or press ? or * to list all spells.
You blink.
Okay, then.
Casting: Blink
Confirm with . or Enter, or press ? or * to list all spells.
You blink.
You see here 14 bolts.
Casting: Blink
Confirm with . or Enter, or press ? or * to list all spells.
You blink.
Casting: Blink
Confirm with . or Enter, or press ? or * to list all spells.
You blink.
Casting: Blink
Confirm with . or Enter, or press ? or * to list all spells.
You don't have enough magic to cast that spell.
The two-headed ogre hits you with a giant club!
* * * LOW HITPOINT WARNING * * *
The two-headed ogre hits you but does no damage.
Casting: Blink
Confirm with . or Enter, or press ? or * to list all spells.
You don't have enough magic to cast that spell.
The two-headed ogre closely misses you. x2
Casting: Blink
Confirm with . or Enter, or press ? or * to list all spells.
You don't have enough magic to cast that spell.
Casting: Blink
Confirm with . or Enter, or press ? or * to list all spells.
You blink.
Okay, then.
You feel agile all of a sudden.
You hit the two-headed ogre but do no damage.
The two-headed ogre writhes in agony.
You bite the two-headed ogre, but do no damage.
The two-headed ogre is lightly wounded.
The two-headed ogre barely misses you.
The two-headed ogre completely misses you.
You hit the two-headed ogre.
The two-headed ogre writhes in agony.
The two-headed ogre is lightly wounded.
You barely miss the two-headed ogre.
You bite the two-headed ogre, but do no damage.
The two-headed ogre is lightly wounded.
The two-headed ogre completely misses you.
The two-headed ogre misses you.
You hit the two-headed ogre but do no damage.
You bite the two-headed ogre, but do no damage.
The two-headed ogre is lightly wounded.
The two-headed ogre barely misses you.
The two-headed ogre completely misses you.
You hit the two-headed ogre.
The two-headed ogre is lightly wounded.
You barely miss the two-headed ogre.
The two-headed ogre is lightly wounded.
The two-headed ogre hits you with a giant club!!
You die...

.##....................## #
...#....................## ##
#........................### #.
#..........................#####.
#..>.................###......##.
#...P.................#####......
#.....................## ###....
####............O#.....# ##...
##...........#..@###...## ##..
.......##....#...# ##...## ##..
.....####....##..# ##...## #...
....## #...###..# ##...## #...
...## #.### ##.## ##...###<.#
..## ### #..## #........# ..#
##..## ##.......# ..# #...###
#........ ..# ##....####.......


You could see a two-headed ogre.

Vanquished Creatures
  Duvessa (D:4)
  An ice beast (D:4)
  An ogre (D:4)
  A centaur (D:5)
  Dowan (D:4)
  A crimson imp (D:5)
  2 centaur skeletons
  A hound (D:5)
  2 orc priests (D:4)
  Crazy Yiuf (D:4)
  2 iguanas
  Natasha (twice) (D:2)
  2 worker ants
  A hound zombie (D:5)
  11 adders
  2 shadow imps
  3 oozes
  An adder skeleton (D:4)
  3 worms
  3 dart slugs
  4 leopard geckos
  11 orcs
  A ball python (D:2)
  9 bats
  5 giant cockroaches
  6 hobgoblins
  8 jackals
  10 kobolds
  2 quokkas
  4 frilled lizards
  9 goblins
  A quokka skeleton (D:5)
  5 rats
117 creatures vanquished.

Vanquished Creatures (others)
  A plant (D:1)
1 creature vanquished.

Grand Total: 118 creatures vanquished

Notes
Turn   | Place    | Note
-------+----------+-------------------------------------------
     0 | D:1      | Reached skill level 9 in Spellcasting
     0 | D:1      | Melicamp the Gnoll Wanderer began the quest for the Orb.
     0 | D:1      | Melicamp set off with: a book of Minor Magic, the Papyrus of the Snowflakes, a +0 buckler, a +0 robe, a +0 club, a ration
     0 | D:1      | Reached XP level 1. HP: 13/13 MP: 10/10
     7 | D:1      | Identified the Papyrus of the Snowflakes
     9 | D:1      | Learned a level 1 spell: Freeze
   249 | D:1      | Reached skill level 2 in Ice Magic
   626 | D:1      | Reached XP level 2. HP: 16/19 MP: 10/12
  1268 | D:2      | Learned a level 1 spell: Magic Dart
  1281 | D:2      | Reached XP level 3. HP: 25/25 MP: 11/13
  1286 | D:2      | Learned a level 3 spell: Conjure Flame
  1297 | D:2      | Reached skill level 1 in Invocations
  1361 | D:2      | Reached skill level 1 in Fighting
  1361 | D:2      | Reached skill level 1 in Short Blades
  1361 | D:2      | Reached skill level 1 in Long Blades
  1361 | D:2      | Reached skill level 1 in Axes
  1361 | D:2      | Reached skill level 1 in Maces & Flails
  1361 | D:2      | Reached skill level 1 in Polearms
  1361 | D:2      | Reached skill level 1 in Staves
  1361 | D:2      | Reached skill level 1 in Slings
  1361 | D:2      | Reached skill level 1 in Bows
  1361 | D:2      | Reached skill level 1 in Crossbows
  1361 | D:2      | Reached skill level 1 in Armour
  1361 | D:2      | Reached skill level 1 in Dodging
  1361 | D:2      | Reached skill level 1 in Stealth
  1361 | D:2      | Reached skill level 1 in Unarmed Combat
  1361 | D:2      | Reached skill level 1 in Evocations
  1495 | D:2      | Reached XP level 4. HP: 32/32 MP: 13/15
  1794 | D:2      | Noticed Natasha
  1803 | D:2      | Killed Natasha
  1803 | D:2      | Reached skill level 1 in Conjurations
  1803 | D:2      | Reached skill level 1 in Hexes
  1803 | D:2      | Reached skill level 1 in Charms
  1803 | D:2      | Reached skill level 1 in Summonings
  1803 | D:2      | Reached skill level 1 in Necromancy
  1803 | D:2      | Reached skill level 1 in Translocations
  1803 | D:2      | Reached skill level 1 in Transmutations
  1803 | D:2      | Reached skill level 1 in Air Magic
  1803 | D:2      | Reached skill level 1 in Earth Magic
  1803 | D:2      | Reached skill level 1 in Poison Magic
  2001 | D:2      | Found a blossoming altar of Fedhas.
  2035 | D:2      | Reached XP level 5. HP: 37/37 MP: 9/16
  2373 | D:2      | Noticed Natasha
  2384 | D:2      | Killed Natasha
  2530 | D:3      | Reached skill level 3 in Throwing
  2530 | D:3      | Reached skill level 3 in Shields
  2573 | D:3      | Learned a level 2 spell: Blink
  3132 | D:3      | Learned a level 3 spell: Ozocubu's Armour
  3600 | D:3      | Found a sparkling altar of Nemelex Xobeh.
  3673 | D:3      | Learned a level 3 spell: Mephitic Cloud
  3918 | D:4      | Reached XP level 6. HP: 44/44 MP: 14/18
  4010 | D:4      | Reached skill level 2 in Invocations
  4068 | D:4      | Noticed Dowan
  4080 | D:4      | Killed Dowan
  4157 | D:4      | Noticed Duvessa
  4194 | D:4      | Killed Duvessa
  4194 | D:4      | Reached skill level 2 in Fighting
  4194 | D:4      | Reached skill level 2 in Short Blades
  4194 | D:4      | Reached skill level 2 in Long Blades
  4194 | D:4      | Reached skill level 2 in Axes
  4194 | D:4      | Reached skill level 2 in Maces & Flails
  4194 | D:4      | Reached skill level 2 in Polearms
  4194 | D:4      | Reached skill level 2 in Staves
  4194 | D:4      | Reached skill level 2 in Slings
  4194 | D:4      | Reached skill level 2 in Bows
  4194 | D:4      | Reached skill level 2 in Crossbows
  4194 | D:4      | Reached skill level 2 in Armour
  4194 | D:4      | Reached skill level 2 in Dodging
  4194 | D:4      | Reached skill level 2 in Stealth
  4194 | D:4      | Reached skill level 2 in Unarmed Combat
  4194 | D:4      | Reached skill level 2 in Evocations
  4363 | D:4      | Reached XP level 7. HP: 38/50 MP: 4/20
  4873 | D:4      | Found a runed door.
  4878 | D:4      | Noticed Crazy Yiuf
  4884 | D:4      | Killed Crazy Yiuf
  5088 | D:4      | Reached skill level 2 in Conjurations
  5088 | D:4      | Reached skill level 2 in Hexes
  5088 | D:4      | Reached skill level 2 in Charms
  5088 | D:4      | Reached skill level 2 in Summonings
  5088 | D:4      | Reached skill level 2 in Necromancy
  5088 | D:4      | Reached skill level 2 in Translocations
  5088 | D:4      | Reached skill level 2 in Transmutations
  5088 | D:4      | Reached skill level 2 in Air Magic
  5088 | D:4      | Reached skill level 2 in Earth Magic
  5088 | D:4      | Reached skill level 2 in Poison Magic
  5248 | D:4      | Reached skill level 3 in Ice Magic
  5255 | D:4      | HP: 12/51 [orc priest/divine providence (16)]
  6057 | D:4      | Learned a level 2 spell: Slow
  6119 | D:5      | Entered Level 5 of the Dungeon
  6274 | D:5      | Reached skill level 3 in Invocations
  6276 | D:5      | Found a staircase to the Ecumenical Temple.
  6295 | Temple   | Entered the Ecumenical Temple
  6436 | Temple   | Became a worshipper of Cheibriados the Contemplative
  6552 | D:5      | Noticed Trampli's ghost (novice TrBe)
  6651 | D:5      | Reached skill level 6 in Fire Magic
  6651 | D:5      | Reached XP level 8. HP: 27/57 MP: 13/21
  6987 | D:5      | Found a blossoming altar of Fedhas.
  7133 | D:4      | Reached skill level 3 in Fighting
  7133 | D:4      | Reached skill level 3 in Short Blades
  7133 | D:4      | Reached skill level 3 in Long Blades
  7133 | D:4      | Reached skill level 3 in Axes
  7133 | D:4      | Reached skill level 3 in Maces & Flails
  7133 | D:4      | Reached skill level 3 in Polearms
  7133 | D:4      | Reached skill level 3 in Staves
  7133 | D:4      | Reached skill level 3 in Slings
  7133 | D:4      | Reached skill level 3 in Bows
  7133 | D:4      | Reached skill level 3 in Crossbows
  7133 | D:4      | Reached skill level 4 in Throwing
  7133 | D:4      | Reached skill level 3 in Armour
  7133 | D:4      | Reached skill level 3 in Dodging
  7133 | D:4      | Reached skill level 3 in Stealth
  7133 | D:4      | Reached skill level 4 in Shields
  7133 | D:4      | Reached skill level 3 in Unarmed Combat
  7133 | D:4      | Reached skill level 3 in Evocations
  7574 | D:5      | Noticed a two-headed ogre
  7609 | D:5      | HP: 12/58 [two-headed ogre/giant club (23)]
  7639 | D:5      | HP: 4/58 [two-headed ogre/giant club (15)]
  7660 | D:5      | Mangled by a two-headed ogre

Skill      XL: |  1  2  3  4  5  6  7  8 |
---------------+-------------------------+-----
Spellcasting   | |  9.7
Ice Magic      | 2 3 |  3.3
Invocations    | 1 2 3 |  3.3
Fighting       | 1 2 3 |  3.0
Short Blades   | 1 2 3 |  3.0
Long Blades    | 1 2 3 |  3.0
Axes           | 1 2 3 |  3.0
Maces & Flails | 1 2 3 |  3.0
Polearms       | 1 2 3 |  3.0
Staves         | 1 2 3 |  3.0
Slings         | 1 2 3 |  3.0
Bows           | 1 2 3 |  3.0
Crossbows      | 1 2 3 |  3.0
Armour         | 1 2 3 |  3.0
Dodging        | 1 2 3 |  3.0
Stealth        | 1 2 3 |  3.0
Unarmed Combat | 1 2 3 |  3.0
Evocations     | 1 2 3 |  3.0
Conjurations   | 1 2 |  2.4
Hexes          | 1 2 |  2.4
Charms         | 1 2 |  2.4
Summonings     | 1 2 |  2.4
Necromancy     | 1 2 |  2.4
Translocations | 1 2 |  2.4
Transmutations | 1 2 |  2.4
Air Magic      | 1 2 |  2.4
Earth Magic    | 1 2 |  2.4
Poison Magic   | 1 2 |  2.4
Throwing       | 3 4 |  4.0
Shields        | 3 4 |  4.0
Fire Magic     | 6 |  6.0

Action                   |  1- 3 |  4- 6 |  7- 9 || total
-------------------------+-------+-------+-------++-------
Melee: Club              |    35 |       |       ||    35
       Bite              |     7 |     3 |    12 ||    22
       Short sword       |     6 |       |       ||     6
       Dagger            |       |    24 |    89 ||   113
       Punch             |       |     1 |       ||     1
Throw: Stone             |     1 |       |       ||     1
 Cast: Freeze            |    40 |    44 |    36 ||   120
       Magic Dart        |     3 |   142 |   113 ||   258
       Conjure Flame     |     2 |     4 |       ||     6
       Blink             |       |     1 |    10 ||    11
       Mephitic Cloud    |       |     3 |     4 ||     7
       Ozocubu's Armour  |       |     1 |     8 ||     9
       Slow              |       |       |     1 ||     1
  Use: Scroll            |     4 |     7 |     5 ||    16
       Potion            |       |       |     5 ||     5
 Stab: Sleeping          |     1 |     1 |       ||     2
       Confused          |       |     1 |       ||     1
       Invisible         |       |       |     2 ||     2
  Eat: Chunk             |     2 |     8 |     5 ||    15
       Ration            |       |       |     2 ||     2
Armor: Robe              |     8 |     4 |    49 ||    61
       Ring mail         |    21 |     7 |       ||    28
Dodge: Dodged            |    38 |    31 |    82 ||   151
Block: Buckler           |     4 |       |       ||     4

Vault maps used:
D:1:      lemuel_arrival_hallway, serial_forest, infiniplex_forest_zigzag_1,
          infiniplex_forest_end_1, infiniplex_forest_clump_large,
          infiniplex_forest_straight_2
D:2:      fedhas_altar_4, minmay_pentomino_z4, uniq_natasha
D:3:      marbit_many_paths
D:4:      first_ration, uniq_duvessa, uniq_crazy_yiuf_cottage
D:5:      minmay_temple_entry_overgrown, basic_altar
Temple:   regret_index_temple_mists

Table legend:
 A = Turns spent in this place as a percentage of turns spent in the entire game.
 B = Non-inter-level travel turns spent in this place as a percentage of non-inter-level travel turns spent in the entire game.
 C = Inter-level travel turns spent in this place as a percentage of turns spent in this place.
 D = Turns resting spent in this place as a percentage of non-inter-level travel turns spent in this place.
 E = Turns spent auto-exploring this place as a percentage of non-inter-level travel turns spent in this place.
 F = Non-inter-level travel turns spent in this place divided by the number of levels of this place that you've seen.
                   A       B       C       D       E      F
               +-------+-------+-------+-------+-------+----------------------
         Total | 100.0 | 100.0 |   5.4 |  36.8 |  44.3 | 1207.7
       Dungeon |  97.9 |  98.0 |   5.3 |  36.6 |  44.2 | 1420.6
        Temple |   2.1 |   2.0 |  11.7 |  44.1 |  49.7 | 143.0
               +-------+-------+-------+-------+-------+----------------------

Table legend:
 A = Kills in this place as a percentage of kills in entire the game.
 B = Kills by you in this place as a percentage of kills by you in the entire game.
 C = Kills by friends in this place as a percentage of kills by friends in the entire game.
 D = Other kills in this place as a percentage of other kills in the entire game.
 E = Experience gained in this place as a percentage of experience gained in the entire game.
 F = Experience gained in this place divided by the number of levels of this place that you have seen.
                   A       B       C       D       E      F
               +-------+-------+-------+-------+-------+----------------------
         Total | 100.0 | 100.0 |   N/A | 100.0 | 100.0 | 243.5
       Dungeon | 100.0 | 100.0 |   N/A | 100.0 | 100.0 | 292.2
               +-------+-------+-------+-------+-------+----------------------
